AoeStats
← vtuläski

Oasis

509159811Analyzed
2v2 RM · 7d ago on Sep 25, 2026· 67m 39s· 4 players
Game mode
Random Map
Map size
Medium (4 player)
Population
200
Speed
Normal
Resources
Standard
Victory
Conquest
Starting age
Dark Age
Ending age
Imperial Age
RankedLock teamsTeams togetherTeam positionsShared explorationLock speedFull tech treeHidden civsTurbo modeCheats
Victory
Defeat
🇹🇷 Vietnamese · Türkiye
566
+16
🇫🇷 Saxons · France
548
+17
🇫🇮 Bengalis · Finland
608
-18
🇫🇮 Aztecs · Finland
540
-15
breyeraurelien
6:34 Loom
10:50 Feudal Age
11:20 Double-Bit Axe
11:18 Horse Collar
12:53 Wheelbarrow
18:19 Stone Mining
18:28 Gold Mining
23:39 Castle Age
21:32 Arson
21:11 Man-at-Arms
22:13 Forging
23:49 Scale Mail Armor
23:42 Fletching
24:34 Bow Saw
24:42 Heavy Plow
25:11 Pikeman
29:26 Hand Cart
30:41 Gambesons
31:00 Squires
34:58 Clerical Recruitment
41:26 Imperial Age
42:31 Halberdier
45:09 Two-Man Saw
46:06 Shield Wall
49:25 Conscription
49:55 Iron Casting
52:14 Long Swordsman
55:03 Chain Mail Armor
54:44 Bodkin Arrow
54:49 Padded Archer Armor
56:49 Heavy Mounted Crossbowman
56:50 Cranequins
59:38 Plate Mail Armor
59:09 Bracer
59:26 Leather Archer Armor
58:56 Elite Hearth Troop
serkanserpinli
2:48 Loom
12:49 Feudal Age
16:55 Double-Bit Axe
16:57 Horse Collar
21:01 Castle Age
20:01 Wheelbarrow
19:42 Gold Mining
19:54 Stone Mining
22:05 Bow Saw
22:08 Padded Archer Armor
22:33 Caravan
22:37 Heavy Plow
23:39 Leather Archer Armor
23:16 Fletching
24:54 Hand Cart
27:25 Treadmill Crane
28:06 Ballistics
28:06 Bodkin Arrow
29:49 Fortified Wall
29:52 Masonry
32:39 Imperial Age
31:43 Forging
31:37 Scale Mail Armor
34:18 Squires
33:39 Pikeman
34:04 Arson
35:56 Chemistry
34:33 Elite Skirmisher
35:55 Stone Shaft Mining
35:54 Ring Archer Armor
35:25 Bracer
36:00 Iron Casting
35:41 Chain Mail Armor
36:20 Imperial Skirmisher
37:24 Thumb Ring
39:01 Two-Man Saw
37:43 Halberdier
39:13 Crop Rotation
39:47 Elite Rattan Archer
42:54 Paper Money
44:19 Plate Mail Armor
vtuläski
15:50 Feudal Age
18:49 Stone Mining
18:56 Gold Mining
19:00 Double-Bit Axe
20:24 Wheelbarrow
19:59 Horse Collar
32:55 Castle Age
33:57 Crossbowman
34:04 Man-at-Arms
34:36 Gambesons
38:41 Gold Shaft Mining
38:46 Stone Shaft Mining
38:15 Heavy Plow
38:29 Bow Saw
38:40 Hand Cart
39:46 Guard Tower
40:08 Fortified Wall
39:51 Heated Shot
40:24 Ballistics
40:05 Murder Holes
41:58 Padded Archer Armor
41:49 Fletching
42:10 Forging
42:00 Scale Mail Armor
43:30 Long Swordsman
46:56 Imperial Age
45:06 Elite Skirmisher
46:46 Leather Archer Armor
46:27 Bodkin Arrow
47:07 Iron Casting
46:47 Chain Mail Armor
65:44 Sanctity
65:59 Illumination
66:20 Theocracy
Simpauttaja
7:01 Loom
12:07 Feudal Age
14:01 Double-Bit Axe
13:58 Horse Collar
19:30 Wheelbarrow
22:59 Castle Age
21:15 Gold Mining
22:10 Padded Archer Armor
22:01 Fletching
22:34 Stone Mining
25:58 Bow Saw
27:16 Leather Archer Armor
28:18 Heavy Plow
30:21 Hand Cart
30:33 Bodkin Arrow
35:55 Imperial Age
37:24 Elite Elephant Archer
38:36 Caravan
40:05 Ballistics
39:45 Murder Holes
40:52 Chemistry
40:13 Ballistics
41:43 Ring Archer Armor
41:14 Bracer
41:20 Scale Barding Armor
41:26 Forging
41:41 Elite Battle Elephant
45:14 Siege Elephant
50:31 Iron Casting
52:10 Onager
Connection lost

Rejoining the realm…

Still unreachable

The connection could not be restored.

Session expired

The server has moved on; the page needs a fresh start.